 Dungeon Crawl Stone Soup version 0.28-a0-861-ge64d6db94f (webtiles) character file.

Game seed: 14210513020851267256

44 bande the Covered (level 3, -3/23 HPs)
             Began as a Gargoyle Fighter on Nov 15, 2021.
             Killed by divine providence
             ... invoked by an orc priest
              (13 damage)
             ... on level 3 of the Dungeon.
             The game lasted 00:02:21 (2263 turns).

bande the Covered (Gargoyle Fighter)                Turns: 2263, Time: 00:02:22

Health: -3/23      AC: 10    Str: 20    XL:     3   Next: 60%
Magic:  3/3        EV:  9    Int:  8    God:
Gold:   86         SH:  4    Dex:  9    Spells: 2/2 levels left

rFire   . . .      SeeInvis .   a - +0 war axe (venom)
rCold   . . .      Faith    .   c - +0 buckler
rNeg    + . .      Spirit   .   b - +0 scale mail
rPois   ∞          Reflect  .   (no helmet)
rElec   +          Harm     .   (no cloak)
rCorr   .          Rampage  .   (no gloves)
Will    .....                   (no boots)
Stlth   ..........              g - amulet of regeneration
HPRegen 1.07/turn               (no ring)
MPRegen 0.08/turn               (no ring)

@: no status effects
A: sickness immunity, AC +3, negative energy resistance 1, electricity
resistance, torment resistance 1, petrification resistance
a: no special abilities


You were on level 3 of the Dungeon.
You visited 1 branch of the dungeon, and saw 3 of its levels.

You collected 86 gold pieces.

Inventory:

Hand Weapons
 a - a +0 war axe of venom (weapon)
Armour
 b - a +0 scale mail (worn)
 c - a +0 buckler (worn)
Jewellery
 g - an amulet of regeneration (around neck)
 h - an amulet of guardian spirit
Scrolls
 i - a scroll of fog {unknown}
Potions
 d - a potion of might
 e - a potion of curing {unknown}
 f - 3 potions of ambrosia
 j - a potion of lignification {unknown}
 k - a potion of heal wounds {unknown}
 m - a potion of flight {unknown}


   Skills:
 + Level 3.5 Fighting
 + Level 2.6 Axes
 + Level 3.7 Armour
 + Level 3.5 Shields


You had 2 spell levels left.
You didn't know any spells.
Your spell library was empty.

Dungeon Overview and Level Annotations

Branches:
Dungeon (3/15)

Altars:
Yredelemnul


Innate Abilities, Weirdness & Mutations

You are immune to sickness and miasma.
Your stone body is resilient. (AC +3)
You are immune to poison.
You resist negative energy. (rN+)
You are resistant to electric shocks. (rElec)
You are resistant to unholy torment.
You are immune to petrification.


Message History

k - a fizzy yellow potion You swap places.
You see here 5 poisoned darts.
Your adder dissolves into shadows!
A bat comes into view.
Found a stone staircase leading down.
The bat moves out of view.
You block the bat's attack.
You slash the bat!
You kill the bat!
No target in view!
No target in view!
You now have 86 gold pieces (gained 11).
Your frilled lizard dissolves into shadows!
An orc priest comes into view. It is wielding a +0 short sword.
Found 5 gold pieces.
Found a stone staircase leading down.
The orc priest shouts!
You hear a shout!
The orc priest begins to cast a cantrip, but forgets the words!
You hear a shout!
An orc priest is nearby!
An orc comes into view. It is wielding a +0 whip.
The orc shouts!
An orc priest comes into view. It is wielding a +0 whip.
The orc priest mumbles some strange prayers to Beogh against you.
Beogh smites you!
Ouch! That really hurt!
You are too injured to fight recklessly!
You are too injured to fight recklessly!
You are too injured to fight recklessly!
You are too injured to fight recklessly!
You are too injured to fight recklessly!
You are too injured to fight recklessly!
You are too injured to fight recklessly!
You are too injured to fight recklessly!
You are too injured to fight recklessly!
You are too injured to fight recklessly!
Unknown command.
The orc priest calls down the wrath of Beogh upon you.
Beogh smites you!
Ouch! That really hurt!
You die...

##### ....############
....##....>....#
...............##
(...##..........#########
....###########.........>
.........................
.....##...#######...#####
##.### .#####.@.#.## #.#
#....o.....# #.#
#............. ##.#
#o.o.......... ....
.....$........... #.#.
.............#... ...
.............#.. ## .#
.............#
...###...#####


You could see 2 orc priests and an orc.

Vanquished Creatures
  A worm (D:2)
  5 endoplasms
  3 giant cockroaches (D:1)
  A goblin (D:1)
  2 hobgoblins (D:2)
  5 kobolds
  A quokka (D:2)
  3 ball pythons
  7 bats
  4 frilled lizards
  5 rats
37 creatures vanquished.

Vanquished Creatures (collateral kills)
  A ball python (D:3)
1 creature vanquished.

Grand Total: 38 creatures vanquished

Notes
Turn   | Place    | Note
-------+----------+-------------------------------------------
     0 | D:1      | bande the Gargoyle Fighter began the quest for the Orb.
     0 | D:1      | Reached XP level 1. HP: 14/14 MP: 1/1
   502 | D:1      | Reached XP level 2. HP: 19/19 MP: 2/2
  1006 | D:1      | Reached XP level 3. HP: 23/23 MP: 3/3
  1763 | D:2      | Found a basalt altar of Yredelemnul.
  2263 | D:3      | Killed from afar by an orc priest

Illustrated notes

Levels and vault maps discovered:
D:1:      dpeg_arrival_concentric_ovals, layout_basic, serial_corexii_hall,
          corexii_hall_statues_u, chequers_hall_statues_wall_a
D:2:      layout_basic, basic_altar, hangedman_decor_slide_cut,
          minmay_split_cup_small
D:3:      layout_rooms, demons_altar, hangedman_ru_absence,
          chequers_temple_overflow_statue_of_worship

Skill      XL: |  1 |
---------------+----+-----
Axes           | 2 |  2.6
Fighting       | |  3.5
Armour         | |  3.7
Shields        | |  3.5

Action                   || total
-------------------------++-------
Melee: War axe           ||    85
  Use: Scroll            ||     7
Armor: Scale mail        ||    48
Dodge: Dodged            ||    37
Block: Buckler           ||    18

Table legend: (Time is in decaauts)
 A = Elapsed time spent in this place.
 B = Non-inter-level travel time spent in this place.
 C = Inter-level travel time spent in this place.
 D = Time resting spent in this place.
 E = Time spent auto-exploring this place.
 F = Levels seen in this place.
 G = Mean time per level.
                   A        B        C        D        E       F      G
               +--------+--------+--------+--------+--------+-----+--------+
         Total |   2298 |   2266 |     32 |    509 |   1433 |   3 |  766.0 |
       Dungeon |   2298 |   2266 |     32 |    509 |   1433 |   3 |  766.0 |
               +--------+--------+--------+--------+--------+-----+--------+

Top non-repeatable levels by time:
     D:2: 1162 daAuts
     D:1: 1081 daAuts
     D:3: 54 daAuts
